[Event "79th LOTTO Polish-ch 2022"]
[Site "Kruszwica"]
[Date "2022.05.09"]
[Round "1.6"]
[White "Gumularz, Szymon"]
[Black "Teclaf, Pawel"]
[Result "0-1"]
[ECO "D20"]
[WhiteElo "2513"]
[BlackElo "2537"]
[Annotator "TA"]
[PlyCount "90"]
[EventDate "2022.05.10"]
[EventType "k.o."]
[EventCountry "POL"]
[SourceTitle "playchess.com"]
[Source "ChessBase"]
[SourceQuality "1"]
[TimeControl "40/5400+30:1800+30"]

1. d4 d5 2. c4 dxc4 3. e3 e5 4. Bxc4 exd4 5. exd4 Bd6 6. Nf3 Nf6 7. Qe2+ {[%emt 0:02:52] D20: Queen's Gambit Accepted: 3 e3 and 3 e4.} Qe7 8. Qxe7+ Bxe7 9. O-O {[%emt 0:01:33] White is slightly better.} O-O 10. Nc3 Bd6 11. Bg5 Nc6 12. Rfe1 Bf5 13. Bxf6 gxf6 {[%emt 0:00:07] [#]} 14. Nd5 $146 ({Predecessor:} 14. Ne4 Kg7 15. Nxd6 cxd6 16. d5 Ne5 17. Nd4 Bd7 18. Be2 Rac8 19. f4 Ng6 20. g3 {1-0 (59) Ponkratov,P (2605)-Magalashvili,D (2506) Amol 2018}) 14... Kg7 15. Ne3 {[%emt 0:00:58] Pair of Knights!} Bg6 16. Rad1 Rad8 17. a3 Ne7 18. Bd3 Rfe8 19. g4 c6 20. Kg2 Bc7 21. h4 h5 22. Bxg6 fxg6 23. gxh5 gxh5 24. Rg1 (24. d5 $11 {keeps the balance.}) 24... Kf7 25. Kf1 Bf4 26. Ng2 (26. Re1 $142) 26... Bh6 $17 27. Ke2 Nf5+ 28. Kd3 c5 29. Kc4 Re2 (29... Nd6+ $19 30. Kb3 c4+ 31. Ka2 Re2) 30. dxc5 Rxd1 {[%emt 0:00:05] 0x0.00209c05ad56dp-1022s more active pieces.} 31. Rxd1 Rxf2 (31... Rxb2 $6 32. Nge1 $11) 32. Nfe1 {[%emt 0:00:39] Prevents Rc2+.} Rxb2 33. Kc3 {[%emt 0:00:24] [#]} Re2 34. Rb1 Re7 ({Much worse is} 34... Bd2+ $6 35. Kd3 Rf2 36. Rxb7+ Ke6 37. Rxa7 $11) 35. Nd3 Rc7 36. Kb4 (36. a4 $17) 36... Bf8 $19 37. Kb5 {[%emt 0:00:33] [#]} Nd4+ $1 38. Ka4 b6 39. Ngf4 bxc5 40. Nxh5 $2 (40. Nc1) 40... c4 {[%emt 0:00:00] Black is clearly winning.} 41. Nb4 Bxb4 42. axb4 c3 {[%emt 0:00:35] And now ...c2 would win.} 43. Nf4 Rc6 44. b5 {[%emt 0:00:49] Against Ra6+} c2 45. Rc1 Rc4+ {[%emt 0:00:08] Weighted Error Value: White=0.47/Black=0.06 (flawless)} 0-1

[Event "79th LOTTO Polish-ch 2022"]
[Site "Kruszwica"]
[Date "2022.05.09"]
[Round "1.7"]
[White "Licznerski, Lukasz"]
[Black "Tomczak, Jacek"]
[Result "1/2-1/2"]
[ECO "B51"]
[WhiteElo "2439"]
[BlackElo "2584"]
[Annotator "TA"]
[PlyCount "146"]
[EventDate "2022.05.10"]
[EventType "k.o."]
[EventCountry "POL"]
[SourceTitle "playchess.com"]
[Source "ChessBase"]
[SourceQuality "1"]
[TimeControl "40/5400+30:1800+30"]

1. e4 c5 2. Nf3 d6 3. Bb5+ Nd7 4. c3 Ngf6 5. Qe2 a6 6. Ba4 b5 7. Bc2 e5 8. d4 {[%emt 0:00:45] B51: Sicilian: Moscow Variation (3 Bb5+) without 3...Bd7.} Be7 9. Nbd2 (9. d5 $11) 9... cxd4 $15 10. cxd4 O-O 11. O-O Qc7 {[%emt 0:07:09] [#]} 12. Nb3 $146 ({Predecessor:} 12. Bd3 Re8 13. a4 bxa4 14. Rxa4 exd4 15. Rxd4 d5 16. b4 Bd6 17. Bb2 Bb7 18. Bb1 {0-1 (43) Thimm,T-Nevednichy,V (2575) Senden 2003}) 12... a5 13. Bd3 a4 14. Nbd2 b4 15. Nc4 exd4 16. Nxd4 Nc5 17. Bf4 Ba6 {[%emt 0:11:19] Inhibits Nb5.} 18. Nf5 Rad8 19. Rfc1 (19. Nxe7+ Qxe7 20. Rfe1 Qe6 $19) (19. Rac1 $5 Rfe8 20. Rfd1 $11 (20. Nxe7+ $2 Qxe7 21. Be3 Nfxe4 $19)) 19... Rfe8 (19... g6 $11 20. e5 (20. Nxe7+ Qxe7 21. Bg5 Rfe8 $15) 20... dxe5 21. Nxe5 (21. Bxe5 Qd7 $11) 21... gxf5 22. Bxa6 Bd6) 20. Bg5 $2 (20. Nxe7+ Qxe7 21. Bxd6 Rxd6 22. Nxd6 Bxd3 $17) (20. Bxd6 $14 {stays ahead.} Bxd6 21. Ncxd6 Rxd6 22. Nxd6 Qxd6 23. Bxa6) 20... d5 (20... Nxd3 $19 21. Qxd3 d5 22. exd5 Rxd5) 21. Nce3 $1 Bxd3 22. Qxd3 Qe5 ({Resist} 22... dxe4 23. Qb5 Bf8 24. Nxg7 $1 (24. Qxb4 Re6 $11) 24... Kxg7 25. Bxf6+ Kxf6 26. Qxe8 $1 Rxe8 27. Nd5+ Ke5 28. Nxc7 $14) (22... d4 $1 $15 23. Nxe7+ Qxe7 24. Rxc5 Qxc5 25. Bxf6 gxf6) 23. Nxe7+ Qxe7 24. Rxc5 Qxc5 25. Bxf6 (25. exd5 $1 $15 Qd6 26. Qf5) 25... dxe4 $19 ({Worse is} 25... gxf6 26. exd5 Rxe3 27. Qxe3 Qxe3 28. fxe3 $11) 26. Qxd8 Rxd8 27. Bxd8 Qd4 28. Rd1 Qxb2 29. Be7 h6 30. h4 b3 31. axb3 axb3 {[%emt 0:00:20] Hoping for ...Qa2.} 32. Bc5 Qa2 {[%emt 0:01:04] And now ...b2 would win.} 33. Bd4 b2 34. Bxb2 Qxb2 {[%emt 0:00:05][%mdl 4096] Endgame KQ-KRN} 35. h5 Qe2 36. Rd8+ Kh7 37. g4 f5 38. gxf5 Qxh5 39. Rd6 Qg5+ 40. Kf1 h5 41. Rg6 Qf4 42. Rg3 Kg8 43. Rh3 Qg5 44. Rg3 Qh4 45. Kg2 Kf7 ({Not} 45... Qf4 $2 46. Kg1 $19) 46. Rh3 Qf4 47. Kg1 Qh6 48. Rg3 Qa6 49. Kg2 Qe2 50. Rh3 Kf6 51. Rg3 (51. Rh4 $142) 51... h4 52. Rh3 Qh5 53. Kg1 Ke5 54. Kg2 Kd4 55. Kg1 (55. Kf1 $142) 55... Kd3 $2 ({Better is} 55... Qg5+ $19 56. Kf1 Ke5) 56. Ng2+ $1 $11 Kd2 57. Rxh4 Qxf5 {[%emt 0:00:05] aiming for ...Ke2.} 58. Rf4 $2 (58. Ne3 $11 Qf3 59. Kf1) 58... Qg6 {[%emt 0:01:26] Strongly threatening ...Ke2.} 59. Rh4 Qf5 {[%emt 0:01:00] Prevents Rh3.} (59... e3 $1 60. fxe3 Ke2) 60. Rf4 $19 Qe5 {[%emt 0:00:32] White must now prevent ...Ke2.} 61. Rf8 {[%emt 0:01:02] [#]} (61. Rg4 $142) 61... Qa1+ $1 62. Kh2 Ke2 {[%emt 0:00:22] ...g6 is the strong threat.} 63. Ne3 Qe5+ 64. Kg1 {[%emt 0:00:35] [#]} Qd6 $2 (64... Qg5+ $1 $19 65. Kh1 Qe7) 65. Rf5 $15 g6 ({Black should try} 65... Qd8 $17 66. Kg2 Qd6) 66. Rf7 (66. Rg5 $1 $11 {keeps the balance.} Qd2 67. Rg2 Qc1+ 68. Kh2) 66... g5 (66... Qc5 $17 67. Kg2 Qe5) 67. Kg2 $11 Qh6 68. Ra7 Qe6 ({Black should play} 68... Qf8 $11 69. Ra2+ Kd3) 69. Ra5 $15 g4 (69... Qf7 $1 $15 70. Rf5 Qg7) 70. Rf5 $11 {[%emt 0:00:23] The position is equal.} Qg6 71. Kg3 Qh7 {[%emt 0:00:49] Threatens to win with ...Qh3+.} 72. Kxg4 {[%emt 0:00:44] Active counter play!} Qh2 73. Rf4 Qxf2 {[%emt 0:00:42] Black had all chances to win.  Weighted Error Value: White=0.32/Black=0.27 (precise)} 1/2-1/2

[Event "79th LOTTO Polish-ch 2022"]
[Site "Kruszwica"]
[Date "2022.05.09"]
[Round "1.8"]
[White "Socko, Bartosz"]
[Black "Szpar, Milosz"]
[Result "1/2-1/2"]
[ECO "D27"]
[WhiteElo "2636"]
[BlackElo "2434"]
[Annotator "TA"]
[PlyCount "60"]
[EventDate "2022.05.10"]
[EventType "k.o."]
[EventCountry "POL"]
[SourceTitle "playchess.com"]
[Source "ChessBase"]
[SourceQuality "1"]
[TimeControl "40/5400+30:1800+30"]

1. d4 d5 2. Nf3 Nf6 3. c4 dxc4 4. e3 e6 5. Bxc4 c5 6. O-O a6 7. a4 b6 8. Qe2 Bb7 9. Rd1 Nbd7 10. Nc3 Qc7 $1 11. b3 {[%emt 0:07:30] D27: Queen's Gambit Accepted: Classical main line: 7 e4!? and 7 a4.} cxd4 12. exd4 {[%emt 0:02:33] [#] Black must now prevent Ng5.} Bb4 13. Na2 Be7 {[%emt 0:02:13] [#]} 14. Bb2 $146 ({Predecessor:} 14. Bg5 h6 15. Bh4 Qf4 16. Bg3 Qe4 17. Qf1 Qf5 18. Bd3 Qa5 19. Nd2 O-O 20. Nc4 {½-½ (27) Milov,V (2668)-Markowski,T (2570) Geneve 2005}) 14... Nd5 15. Rac1 {[%emt 0:00:25] aiming for Bxd5.} Qd6 16. Nc3 N7f6 17. Nxd5 Nxd5 18. Ne5 O-O 19. Qg4 Rac8 20. h4 Rc7 21. h5 (21. Bxd5 $5 Bxd5 22. Ba3 $11) 21... Rfc8 22. Ra1 Qd8 23. Rd3 ({Reject} 23. Bxd5 Bxd5 24. h6 g6 $17) 23... Bf8 24. Rg3 f5 25. Qd1 Qe8 26. h6 g6 $1 27. Qd2 Bb4 (27... b5 $5 28. Bd3 (28. axb5 axb5 29. Bd3 Nb4 $17) 28... Nb4 $17) 28. Qe2 {[%emt 0:03:49] The position is equal.} Bf8 29. Qd2 Bb4 30. Qe2 Bf8 {[%emt 0:01:57] Weighted Error Value: White=0.06 (flawless) /Black=0.06 (flawless)} 1/2-1/2

[Event "79th LOTTO Polish-ch 2022"]
[Site "Kruszwica"]
[Date "2022.05.11"]
[Round "2.1"]
[White "Socko, Bartosz"]
[Black "Tomczak, Jacek"]
[Result "0-1"]
[ECO "D71"]
[WhiteElo "2636"]
[BlackElo "2584"]
[Annotator "TA"]
[PlyCount "56"]
[EventDate "2022.05.10"]
[EventType "k.o."]
[EventCountry "POL"]
[SourceTitle "playchess.com"]
[Source "ChessBase"]
[SourceQuality "1"]
[TimeControl "40/5400+30:1800+30"]

1. d4 Nf6 2. c4 g6 3. g3 Bg7 4. Bg2 c5 5. dxc5 Na6 6. Nc3 {[%emt 0:00:27] E60: King's Indian: Unusual lines and Fianchetto Variation without Nc3.} Nxc5 7. e4 {[%emt 0:00:06] [#]} Qa5 $146 {[%emt 0:05:09] And now ...Nfxe4 would win.} ({Predecessor:} 7... O-O 8. Nge2 d6 9. O-O Be6 10. b3 Qd7 11. Be3 Bh3 12. e5 Bxg2 13. exf6 Bf3 14. fxg7 Kxg7 15. Bxc5 {1-0 (15) Sunilduth Lyna,N (2637)-Hnydiuk,A (2402) Chess.com INT 2020}) 8. Bd2 {[%emt 0:37:32] The position is equal.} Qb6 9. Qe2 {[%emt 0:19:45] Against Nd3+} (9. Kf1 $11) 9... Qxb2 $17 10. Rb1 Qc2 {[%emt 0:00:53][%cal Od7d5] Black is more active.} 11. Qd1 {[%emt 0:23:23] [#]} (11. e5 $17 Nd3+ 12. Kf1 Nxe5 13. Nf3) 11... Qxd1+ $1 $19 12. Kxd1 d6 13. Ke2 O-O 14. Be3 (14. Nh3 {was called for.}) 14... Be6 15. Nd5 Nfxe4 {[%emt 0:00:34] [#] Strongly threatening ...Bxd5.} 16. Bxe4 Nxe4 17. Nxe7+ Kh8 {[%emt 0:00:04] Threatens to win with ...Nc3+.} 18. Kd3 (18. Kf3 {was necessary.} b6 19. Kxe4) 18... Nc5+ 19. Bxc5 dxc5 20. Rxb7 (20. Ne2 $142 Rad8+ 21. Nd5) 20... Rfd8+ 21. Kc2 Bxc4 {[%emt 0:01:15] ...Bd3+ is the strong threat.} 22. Nf3 Bd3+ {[%emt 0:01:01] A strong pair of Bishops.} 23. Kb3 Rab8 24. Rxb8 Rxb8+ 25. Ka4 Bc2+ (25... Rb4+ $142 26. Ka5 Rb6 27. Nxg6+ fxg6 28. Ka4 Bc2+ 29. Ka5 Bc3#) 26. Ka5 {[%emt 0:00:10] Black is clearly winning.} Be4 27. Ng5 Bc3+ 28. Ka6 Bxh1 {[%emt 0:00:17] White did not feel at home in the position after the opening.  Weighted Error Value: White=1.10/Black=0.35} 0-1

[Event "79th LOTTO Polish-ch 2022"]
[Site "Kruszwica"]
[Date "2022.05.11"]
[Round "2.1"]
[White "Moranda, Wojciech"]
[Black "Bartel, Mateusz"]
[Result "1-0"]
[ECO "C84"]
[WhiteElo "2630"]
[BlackElo "2619"]
[Annotator "TA"]
[PlyCount "83"]
[EventDate "2022.05.10"]
[EventType "k.o."]
[EventCountry "POL"]
[SourceTitle "playchess.com"]
[Source "ChessBase"]
[SourceQuality "1"]
[TimeControl "40/5400+30:1800+30"]

1. e4 e5 2. Nf3 Nc6 3. Bb5 a6 4. Ba4 Nf6 5. O-O Be7 6. d3 b5 7. Bb3 d6 8. a3 {[%emt 0:00:15] C84: Closed Ruy Lopez: Unusual White 6th moves.} Na5 9. Ba2 c5 10. Bd2 $5 {[%emt 0:00:21][%mdl 4] [#] The position is equal. Exploring less charted territory.} Nc6 $146 ({Predecessor:} 10... O-O 11. Nc3 Be6 12. Nd5 Nxd5 13. Bxd5 Bxd5 14. exd5 Qc7 15. b4 Nb7 16. c3 h6 {½-½ (48) Cornette,D (2463)-Moreno Tejera,E (2429) Linares 2018}) 11. Nc3 Be6 12. Nd5 Nd4 13. Nxd4 exd4 14. Nxf6+ Bxf6 15. Bxe6 fxe6 16. Qh5+ g6 $1 17. Qg4 Qd7 18. f4 O-O 19. Rf2 Rf7 20. Raf1 Bg7 21. h4 d5 $1 22. Re2 dxe4 23. Rxe4 Re8 24. Rfe1 (24. h5 $5 ) 24... Rf5 25. Qe2 e5 $1 26. g4 Rff8 27. Kg2 (27. b4 {is more complex.} Qe7 28. fxe5 Qxh4 29. bxc5 Bxe5 30. Qg2) 27... Qc6 28. Qf3 Re7 29. b4 Ra7 (29... Ref7 $11 {keeps the balance.}) 30. bxc5 $1 $16 a5 (30... Qxc5 $2 31. Bb4 Qxc2+ 32. R4e2 $18) (30... Rc7 $16) 31. Rxe5 $18 Qxf3+ 32. Kxf3 {[%emt 0:00:08] Black must now prevent Re6.} Bxe5 33. Rxe5 {[%emt 0:00:11][%mdl 4096] Endgame KRR-KRB} b4 {[%emt 0:00:02] [#]} 34. a4 ({Resist} 34. axb4 $6 axb4 35. Bxb4 Rb8) 34... Rd8 35. Ke4 Kf7 (35... Rc7 {keeps fighting.} 36. Be1 Rcd7) 36. f5 Rad7 37. c6 Rc7 {[%emt 0:00:29] [#]} (37... Rd6 $142 38. c7 (38. Rxa5 Re8+ 39. Kf4 Rxc6 $16) 38... Ra8) 38. Re6 $1 gxf5+ 39. gxf5 Rdc8 40. Kd5 Re7 41. Rxe7+ Kxe7 42. Bg5+ {[%emt 0:00:07] Weighted Error Value: White=0.05 (flawless) /Black=0.32} 1-0

[Event "79th LOTTO Polish-ch 2022"]
[Site "Kruszwica"]
[Date "2022.05.11"]
[Round "2.1"]
[White "Gajewski, Grzegorz"]
[Black "Wojtaszek, Radoslaw"]
[Result "0-1"]
[ECO "C55"]
[WhiteElo "2589"]
[BlackElo "2696"]
[Annotator "TA"]
[PlyCount "190"]
[EventDate "2022.05.10"]
[EventType "k.o."]
[EventCountry "POL"]
[SourceTitle "playchess.com"]
[Source "ChessBase"]
[SourceQuality "1"]
[TimeControl "40/5400+30:1800+30"]

1. e4 e5 2. Nf3 Nc6 3. Bc4 Nf6 4. d3 Be7 5. O-O O-O 6. Re1 d6 7. a3 Nd7 $5 {[%emt 0:00:38][%mdl 4] Exploring less charted territory. C55: Two Knights: 4 d3, 4 d4 exd4 5 e5 and Max Lange Attack.} 8. Nc3 Nb6 9. Ba2 Kh8 {[%emt 0:00:15] The position is equal.} (9... Bg4 {feels hotter.} 10. h3 Bxf3 11. Qxf3 Nd4) 10. b4 {[%emt 0:07:46] [#]} (10. h3 $14) 10... Bg4 $146 ({Predecessor:} 10... a6 11. Be3 f5 12. exf5 Bxf5 13. Bxb6 cxb6 14. Nd2 Nd4 15. Ne2 Nxe2+ 16. Qxe2 Rc8 {1-0 (38) Jumabayev,R (2610)-Mons,L (2483) Barcelona 2017}) 11. h3 Bxf3 12. Qxf3 Nd4 13. Qd1 Bg5 14. Be3 c6 15. Rf1 Bf6 16. Rb1 d5 17. Qd2 Ne6 18. Bxb6 axb6 19. exd5 Nf4 20. dxc6 Rxa3 21. Rb3 ({Not} 21. cxb7 $2 Rxc3 $1 22. g3 Nxh3+ 23. Kh2 Ra3 $19) 21... Rxb3 22. Bxb3 bxc6 23. Qe3 Qc7 24. Qe4 Be7 25. b5 cxb5 26. Nxb5 Qc5 27. Bc4 f5 28. Qb7 Bh4 29. Qf3 {[%emt 0:02:34] Inhibits Ne2+.} Bg5 30. Re1 e4 31. Qg3 Bh6 32. Kf1 Qb4 33. Nd4 Qc3 34. Ne6 Nxe6 35. Bxe6 f4 36. Qh4 e3 37. Qe7 g6 $36 {[%emt 0:00:05][%mdl 2048] White is under strong pressure.} 38. Bg4 (38. Bb3 $142) 38... Qxc2 $17 39. Be2 Qb2 40. Qe4 Bg7 41. Qf3 (41. d4 {is a better defense.}) 41... exf2 42. Qxf2 Bd4 43. Qf3 Bc5 (43... b5 $19 {Threatens to win with ...b4.} 44. Bd1 b4) 44. Qe4 Rf5 (44... Kg7 $142 {[%cal Of8e8] aiming for ...Re8!} 45. d4 Bxd4) 45. Qa8+ Kg7 {[%emt 0:02:32][%cal Of4f3] ( -> ...f3!)} 46. Qa1 Qxa1 {[%emt 0:04:52] Black is much more active.} (46... Qf6 {looks sharper.} 47. Bg4 Rd5 48. Qxf6+ Kxf6 49. Re6+ Kg5) 47. Rxa1 {[%emt 0:00:02][%mdl 4096] Endgame KRB-KRB} Be3 48. Ra7+ Rf7 49. Rxf7+ Kxf7 {[%emt 0:00:04] KB-KB} 50. d4 (50. Ke1 $142) 50... Bxd4 51. Bc4+ Kf6 52. Ke2 Ke5 53. Bg8 {[%emt 0:02:01] [#]} h6 54. Bf7 g5 55. Be8 Kd5 56. Kf3 Kc5 57. Ke4 Bf2 58. Bf7 b5 59. Kd3 Kd6 ({Black should play} 59... Bd4 $19 60. Be6 Bf2) 60. Ke4 Ke7 61. Bh5 b4 62. Bd1 Kf6 63. Ba4 Be1 64. Bd1 Kg6 65. Ke5 Bg3 66. Ke4 Bf2 67. Ke5 Bb6 68. Ke4 Bc7 69. Kd5 Bd8 70. Ke4 Be7 71. Ke5 Bf8 72. Ke4 Bg7 73. Kd5 Bc3 74. Ke4 Kf6 75. Bb3 Be1 76. Bd1 $1 Ke6 77. Bb3+ Kd6 78. Bd1 Kc5 {[%emt 0:00:59] Strongly threatening ...Kc4.} 79. Bb3 Kb5 80. Kd3 Kc5 81. Ke4 $1 Bf2 82. Kd3 Kd6 83. Ke4 Bb6 84. Kf5 Bd8 85. Kg6 Ke5 86. Kxh6 Kd4 {[%emt 0:00:49] Hoping for ...Kc3.} 87. Kh5 Kc3 88. Be6 b3 {[%emt 0:00:02][%cal Bb4b3,Bb3b2][%mdl 32] ...b2 is the strong threat.} 89. Kg4 b2 90. Bf5 Kd2 {[%emt 0:00:13] And now ...Ke3 would win.} 91. Bg6 $2 {[%emt 0:04:53][%mdl 8192] Loses the game.} (91. Kf3 $17) 91... Ke3 $19 92. Bb1 Be7 93. Bg6 Kf2 94. Be4 Bd8 95. h4 Ke3 {[%emt 0:00:10] Weighted Error Value: White=0.12 (very precise) /Black=0.08 (flawless)} 0-1

[Event "79th LOTTO Polish-ch 2022"]
[Site "Kruszwica"]
[Date "2022.05.11"]
[Round "2.1"]
[White "Teclaf, Pawel"]
[Black "Piorun, Kacper"]
[Result "1/2-1/2"]
[ECO "C07"]
[WhiteElo "2537"]
[BlackElo "2635"]
[Annotator "TA"]
[PlyCount "61"]
[EventDate "2022.05.10"]
[EventType "k.o."]
[EventCountry "POL"]
[SourceTitle "playchess.com"]
[Source "ChessBase"]
[SourceQuality "1"]
[TimeControl "40/5400+30:1800+30"]

1. e4 e6 2. d4 d5 3. Nd2 c5 4. Ngf3 cxd4 5. Nxd4 Nc6 6. Bb5 Bd7 7. Nxc6 bxc6 8. Bd3 Bd6 {[%emt 0:00:12] C07: French Tarrasch: 3...c5, 4 Ngf3 and 4 exd5 Qxd5.} 9. Qe2 e5 $1 {[%emt 0:01:38][%mdl 4] outshines the older 9...Ne7.} 10. exd5 cxd5 11. c4 Ne7 12. cxd5 Nxd5 13. Nc4 (13. Be4 $5 Nf4 14. Qa6 $11) 13... Bb4+ {[%emt 0:00:33] The position is equal.} 14. Bd2 O-O {[%emt 0:00:26] [#] ...Nf4 is the strong threat.} 15. Bxh7+ $1 Kxh7 16. Qe4+ Kg8 17. Qxd5 {[%emt 0:01:45] [#]} Bxd2+ $146 ({Predecessor:} 17... Rb8 18. Bxb4 Rxb4 19. Rd1 Qh4 20. Ne3 Rd4 21. Rxd4 exd4 22. g3 Qe7 23. Qxd4 Bb5 24. a4 Rd8 25. Qf4 g5 26. Qg4 f5 {0-1 (26) Sengupta,D (2527)-Mohammad Fahad,R (2339) Dhaka 2021}) 18. Qxd2 Be6 19. Rc1 Rc8 20. b3 ({Don't go for} 20. Nxe5 $2 Rxc1+ 21. Qxc1 Qd5 $19) 20... Bxc4 21. bxc4 Rc5 22. Qxd8 Rxd8 $11 {[%emt 0:00:02][%mdl 4096] Endgame KRR-KRR} 23. Ke2 Rd4 24. Rhd1 {[%emt 0:00:16] [#] Black must now prevent Rxd4.} Rdxc4 25. Rxc4 Rxc4 {[%emt 0:00:03] KR-KR} 26. Rd8+ Kh7 27. Rd7 Rc2+ 28. Ke3 Rxa2 29. Rxf7 Kg6 30. Rb7 Kf6 31. Ke4 {An interesting draw.  Weighted Error Value: White=0.02 (flawless) /Black=0.00 (flawless)} 1/2-1/2

[Event "79th LOTTO Polish-ch 2022"]
[Site "Kruszwica"]
[Date "2022.05.11"]
[Round "2.1"]
[White "Warakomski, Tomasz"]
[Black "Gumularz, Szymon"]
[Result "1/2-1/2"]
[ECO "C50"]
[WhiteElo "2534"]
[BlackElo "2513"]
[Annotator "TA"]
[PlyCount "51"]
[EventDate "2022.05.10"]
[EventType "k.o."]
[EventCountry "POL"]
[SourceTitle "playchess.com"]
[Source "ChessBase"]
[SourceQuality "1"]
[TimeControl "40/5400+30:1800+30"]

1. e4 e5 2. Nf3 Nc6 3. Bc4 Bc5 4. O-O Nf6 5. d3 d6 6. c3 a5 $1 {[%emt 0:00:30][%mdl 4] 6...a5 is the modern continuation. C54: Giuoco Piano: 4 c3 Nf6, main lines with 5 d4 and 5 d3.} 7. Re1 O-O 8. h3 h6 9. Nbd2 Be6 10. Bb5 Nd7 11. Nf1 f5 12. exf5 Bxf5 (12... Rxf5 $2 13. d4 $18) 13. d4 Bb6 14. Ng3 Bg6 (14... Be6 $2 15. d5 $18) 15. Be3 exd4 16. Nxd4 Nxd4 17. Bxd4 Bxd4 18. Qxd4 {[%emt 0:00:38] [#] Strongly threatening Qg4.} Ne5 {[%emt 0:05:15] Against Qg4} 19. f4 {[%emt 0:04:24] Prevents Qg5.} Nc6 20. Bxc6 bxc6 {[%emt 0:00:12] [#]} 21. Re6 $146 ({Predecessor:} 21. Qc4+ Kh8 22. f5 Bxf5 23. Nxf5 Rxf5 24. Qxc6 Rc5 25. Qf3 Qf8 26. Qd3 Re8 27. a4 Rce5 28. Rxe5 Rxe5 29. Rf1 Qe8 30. b4 Re3 {½-½ (30) Petrov,M (2453)-Efimov,Y (2454) ICCF email 2018}) 21... c5 22. Qe3 Rf6 23. Re7 Rf7 24. Re6 Rf6 25. Re7 Rf7 (25... Rxf4 $5 26. Rxg7+ Kxg7 27. Qxf4 Qg5 $11) 26. Re6 {[%emt 0:00:03] A balanced but interesting game.  Weighted Error Value: White=0.03 (flawless) /Black=0.02 (flawless)} 1/2-1/2

[Event "79th LOTTO Polish-ch 2022"]
[Site "Kruszwica"]
[Date "2022.05.11"]
[Round "2.1"]
[White "Janik, Igor"]
[Black "Szpar, Milosz"]
[Result "1/2-1/2"]
[ECO "A28"]
[WhiteElo "2525"]
[BlackElo "2434"]
[Annotator "TA"]
[PlyCount "64"]
[EventDate "2022.05.10"]
[EventType "k.o."]
[EventCountry "POL"]
[SourceTitle "playchess.com"]
[Source "ChessBase"]
[SourceQuality "1"]
[TimeControl "40/5400+30:1800+30"]

1. c4 e5 2. Nc3 Nf6 3. Nf3 Nc6 4. e3 Bb4 5. Qc2 Bxc3 6. Qxc3 Qe7 7. d4 $1 {[%emt 0:00:06][%mdl 4] aiming for d5. is currently scoring better than 7.a3. A28: English Opening: Four Knights Variation.} Ne4 8. Qd3 exd4 9. Nxd4 O-O 10. Be2 Qb4+ 11. Kf1 Qe7 12. f3 f5 {[%emt 0:02:11][%cal Oe7h4] [#] Threatens to win with ...Qh4!} 13. Qd1 Nc5 14. Qd2 a5 {[#] Inhibits b4.} 15. Nxc6 $146 ({Predecessor:} 15. Kf2 Ne5 16. Rf1 b6 17. Kg1 Bb7 18. Qc2 Qg5 19. Rf2 Qg6 20. b3 Rf7 21. Bb2 {½-½ (44) Tsenkov,L (2374)-Celestini,M (2350) ICCF email 2019}) 15... dxc6 16. b3 b6 17. Qc3 Bb7 18. Kf2 {[%emt 0:01:32] The position is equal.} Rf6 19. Rd1 Re8 20. Kg1 Rh6 21. Bf1 Qh4 {[%emt 0:03:38] Inhibits e4.} 22. h3 Qg3 {[%emt 0:08:41] [#] ...Rxh3 is the strong threat.} 23. Bb2 Rhe6 24. Qe1 Qxe1 25. Rxe1 Rxe3 26. Rxe3 Rxe3 27. Bd4 Re8 28. Bxc5 bxc5 29. Rd1 Kf7 30. Rd7+ Re7 31. Rxe7+ Kxe7 32. f4 Bc8 {[%emt 0:01:10] A balanced but interesting game.  Weighted Error Value: White=0.03 (flawless) /Black=0.02 (flawless)} 1/2-1/2

[Event "79th LOTTO Polish-ch 2022"]
[Site "Kruszwica"]
[Date "2022.05.11"]
[Round "2.1"]
[White "Kosakowski, Jakub"]
[Black "Nasuta, Grzegorz"]
[Result "1-0"]
[ECO "B92"]
[WhiteElo "2435"]
[BlackElo "2511"]
[Annotator "TA"]
[PlyCount "75"]
[EventDate "2022.05.10"]
[EventType "k.o."]
[EventCountry "POL"]
[SourceTitle "playchess.com"]
[Source "ChessBase"]
[SourceQuality "1"]
[TimeControl "40/5400+30:1800+30"]

1. e4 c5 2. Nf3 d6 3. d4 cxd4 4. Nxd4 Nf6 5. Nc3 a6 6. Be2 e5 7. Nb3 Be7 8. O-O O-O 9. Qd3 Be6 10. Bd2 {[%emt 0:00:51] B92: Sicilian Najdorf: 6 Be2.} Qc7 {[%emt 0:07:22] [#]} 11. a4 $146 ({Predecessor:} 11. Nd5 Bxd5 12. exd5 a5 13. a4 b6 14. Be3 Na6 15. c3 Qb7 16. Rfd1 Nc7 17. Bf3 Nd7 {0-1 (51) Bellahcene,B (2508)-Mammadzada,G (2470) Gibraltar 2022}) 11... Nbd7 12. Nd5 {[%emt 0:02:11] The position is equal.} Bxd5 13. exd5 Rfc8 (13... e4 $11 14. Qh3 (14. Qc4 Qxc4 15. Bxc4 Ne5 $15) 14... Nxd5) 14. c4 $14 a5 15. Rac1 Re8 16. Qh3 Bf8 17. g4 g6 18. Qg2 {[%emt 0:04:59] Inhibits Ne4.} Nc5 19. Nxc5 Qxc5 20. Rc3 Nd7 21. Rh3 Bg7 22. Qg3 e4 23. b3 b6 (23... Bd4 $14) 24. Qh4 Nf8 25. Kg2 Ra7 26. Bg5 Rb7 (26... Bd4 $11) 27. Bd1 (27. Bc1 $14) 27... Qd4 ({Black should try} 27... Bd4 $11) 28. Be3 (28. Qg3 $5 ) 28... Qb2 29. Re1 Bd4 30. Re2 Qa1 {[%emt 0:00:10] Strongly threatening ...Bxe3.} 31. Ra2 Qxa2 ({Much less strong is} 31... Qxd1 32. Rd2 Bf6 33. Qxf6 (33. Rxd1 Bxh4 34. Rxh4 f6 $14) 33... Qxg4+ 34. Rg3 $14) 32. Bxd4 {[%emt 0:00:05] Hoping for Qf6.} Qd2 $2 {[%emt 0:00:04][%mdl 8192] [#] This costs Black the game.} (32... e3 $11) 33. Qf6 $1 $18 Re5 {[%emt 0:00:05] [#]} (33... Qxd4 34. Qxd4) 34. Be3 $1 Qxd1 (34... Re6 35. dxe6) 35. Bh6 {[%emt 0:00:06][%csl Gh6][%cal Rf6g7] White mates.} Qxg4+ 36. Rg3 Qf3+ 37. Rxf3 exf3+ 38. Kf1 {[%emt 0:00:06] Weighted Error Value: White=0.10 (very precise) /Black=0.40} 1-0